 Dungeon Crawl Stone Soup version 0.22-a0-443-g17c3723 (webtiles) character file.

165 Borgoz the Ruffian (level 5, -11/45 HPs)
             Began as a Ghoul Gladiator on June 1, 2018.
             Mangled by an orc wizard
             ... wielding a +0 dagger of electrocution
              (19 damage)
             ... on level 4 of the Dungeon.
             The game lasted 00:05:32 (1562 turns).

Borgoz the Ruffian (Ghoul Gladiator)                Turns: 1562, Time: 00:05:32

Health: -11/45     AC:  8    Str: 24    XL:     5   Next: 46%
Magic:  4/4        EV:  9    Int:  9    God:
Gold:   78         SH:  0    Dex: 10    Spells: 4/4 levels left

rFire    + . .     SeeInvis .     - Unarmed
rCold    + . .     Gourm    .   (no shield)
rNeg     + + +     Faith    .   n - +2 ring mail {rF+}
rPois    ∞         Spirit   .   b - +0 helmet
rElec    .         Reflect  .   g - scarf {repulsion}
rCorr    .         Harm     .   (no gloves)
MR       .....                  (no boots)
Stlth    ..........             (no amulet)
HPRegen  0.00/turn              o - +6 ring of strength
MPRegen  0.09/turn              p - -3 ring of evasion (curse)

@: brilliant, rotting, repel missiles
A: rotting body, claws 1, carnivore, cold resistance 1, negative energy
resistance 3, inhibited regeneration, torment resistance, unbreathing
a: no special abilities


You were on level 4 of the Dungeon.
You were not hungry.

You visited 1 branch of the dungeon, and saw 4 of its levels.

You collected 78 gold pieces.

Inventory:

Missiles
 c - 3 throwing nets (quivered)
Armour
 b - a +0 helmet (worn)
 g - a scarf of repulsion (worn)
 n - a +2 ring mail of fire resistance (worn)
Jewellery
 o - a +6 ring of strength (left claw)
 p - a cursed -3 ring of evasion (right claw)
Wands
 l - a wand of flame (19)
Potions
 a - a potion of curing {unknown}
 e - 4 potions of cancellation
Comestibles
 d - 6 rations
 f - 2 chunks of flesh


   Skills:
 + Level 3.0 Fighting
 - Level 1.7 Throwing
 * Level 2.4 Armour
 * Level 3.7 Dodging
 + Level 4.0 Unarmed Combat


You had 4 spell levels left.
You didn't know any spells.
Your spell library was empty.

Dungeon Overview and Level Annotations

Branches:
Dungeon (4/15)
 Temple: D:4-7

Altars:
Elyvilon
Gozag
Makhleb
Nemelex Xobeh
Qazlal
Trog

Shops:
D:3 *

Annotations:
D:2 Sigmund


Innate Abilities, Weirdness & Mutations

Your body is rotting away.
You thrive on raw meat.
You are immune to poison.
You have sharp fingernails.
You are carnivorous and can eat meat at any time.
Your flesh is cold resistant. (rC+)
You are immune to negative energy. (rN+++)
You do not regenerate when monsters are visible.
You are immune to unholy pain and torment.
You can survive without breathing.


Message History

Items here: ) [ †† a club; a ring mail; an orc corpse x2
You barely miss something. Something completely misses you.
You miss something.
Something hits you but does no damage. x2
You miss something. Something hits you but does no damage.
You are electrocuted!
You closely miss something. Something completely misses you.
You scratch something.
Something hits you but does no damage. x2
You closely miss something.
You hear some strange, mumbled words.
A magic dart appears from out of thin air!
The magic dart hits you!
You closely miss something. Something hits you but does no damage.
You are electrocuted!
* * * LOW HITPOINT WARNING * * *
You are too injured to fight recklessly!
It was a potion of brilliance.
You feel clever all of a sudden. Something hits you but does no damage.
You are electrocuted!
You die...

#...........
#...........
+...........#####
...........÷....
#..........<....
###...............
#....########.....
#.##.# #.......
#@##.# #.......
#{##.# #.......
#o##.######.....#.
..##......'.....#.
###########.......
#.....## #.....##
# #.......
#.###.#...<.


You could see an orc.

Vanquished Creatures
  2 worker ants
  4 adders
  2 oozes (D:1)
  2 worms (D:3)
  4 leopard geckos
  3 orcs
  A ball python (D:4)
  4 giant cockroaches
  8 goblins
  6 hobgoblins
  4 jackals (D:3)
  6 bats
  3 frilled lizards
  7 kobolds
  7 rats (D:1)
63 creatures vanquished.

Notes
Turn   | Place    | Note
-------+----------+-------------------------------------------
     0 | D:1      | Borgoz the Ghoul Gladiator began the quest for the Orb.
     0 | D:1      | Reached XP level 1. HP: 17/17 MP: 0/0
    40 | D:1      | Reached XP level 2. HP: 16/24 MP: 1/1
   262 | D:1      | Reached skill level 1 in Armour
   267 | D:1      | Reached XP level 3. HP: 23/29 MP: 2/2
   581 | D:2      | Found a bloodstained altar of Trog.
   635 | D:2      | Found a sparkling altar of Nemelex Xobeh.
   649 | D:2      | Reached XP level 4. HP: 35/37 MP: 3/3
   686 | D:2      | Found a white marble altar of Elyvilon.
   734 | D:2      | Noticed Sigmund
   901 | D:3      | Found a stormy altar of Qazlal.
   996 | D:3      | Reached XP level 5. HP: 22/44 MP: 4/4
  1065 | D:3      | Found a burning altar of Makhleb.
  1177 | D:3      | Found Gozag's Platinum Reserve.
  1204 | D:3      | Found an opulent altar of Gozag.
  1492 | D:4      | Reached skill level 4 in Unarmed Combat
  1562 | D:4      | Mangled by an orc wizard

Vault maps used:
D:1:      dpeg_arrival_tiny_k, serial_bayou_pond_c, minmay_misc_feat_pillars,
          minmay_tetromino_i2
D:2:      old_standard_altar, lemuel_doored_altar, elyvilon_altar_1,
          chequers_ecumenical_altar_twisty, uniq_sigmund
D:3:      lemuel_crystal_altar, old_standard_altar,
          nicolae_gozag_zags_fifth_avenue
D:4:      lemuel_zombie_altar_kikubaaqudgha, first_ration

Skill      XL: |  1  2  3  4  5 |
---------------+----------------+-----
Dodging        | 3 |  3.7
Armour         | 1 2 |  2.4
Fighting       | 3 |  3.0
Unarmed Combat | 4 |  4.0
Throwing       | |  1.7

Action                   |  1- 3 |  4- 6 || total
-------------------------+-------+-------++-------
Melee: Unarmed           |   114 |   124 ||   238
       Punch             |     3 |     1 ||     4
  Use: Scroll            |       |     7 ||     7
       Potion            |       |     1 ||     1
  Eat: Chunk             |    12 |    13 ||    25
Armor: Leather armour    |    35 |       ||    35
       Ring mail         |     2 |    65 ||    67
Dodge: Dodged            |    81 |    88 ||   169

Table legend:
 A = Spawn XP
 B = Non-spawn XP
 C = Spawn XP percentage of total XP
 D = Spawn monster count
 E = Non-spawn monster count
 F = Spawn count percentage of total count
 G = Total turns spent on level
                    A         B        C        D         E        F      G
               +---------+---------+-------+---------+---------+-------+---------
         Total |       0 |     237 |   0.0 |       0 |      63 |   0.0 |  1562
               +---------+---------+-------+---------+---------+-------+---------
           D:1 |       0 |      58 |   0.0 |       0 |      29 |   0.0 |   521
           D:2 |       0 |      29 |   0.0 |       0 |       4 |   0.0 |   272
           D:3 |       0 |      93 |   0.0 |       0 |      24 |   0.0 |   614
           D:4 |       0 |      57 |   0.0 |       0 |       6 |   0.0 |   155
               +---------+---------+-------+---------+---------+-------+---------
